 Dungeon Crawl Stone Soup version 0.26-a0-1205-g4083c211ab (webtiles) character file.

Game seed: 7699377666525384896

94007 emiel the Carver (level 15, -3/141 (142) HPs)
             Began as a Palentonga Fighter on Dec 29, 2020.
             Was a High Priest of Wu Jian.
             Slain by a +3 bardiche of electrocution (12 damage)
             ... on level 2 of the Elven Halls on Dec 30, 2020.
             The game lasted 00:42:29 (31288 turns).

emiel the Carver (Palentonga Fighter)              Turns: 31288, Time: 00:42:29

HP:   -3/141 (142)  AC: 33    Str: 24    XL:     15   Next: 62%
MP:   13/13         EV:  4    Int:  9    God:    Wu Jian [*****.]
Gold: 1483          SH: 23    Dex: 11    Spells: 14/14 levels left

rFire    + + .     SeeInvis +   V - +9 scimitar (flame)
rCold    + . .     Faith    .   W - +0 tower shield
rNeg     . . .     Spirit   .   Y - +1 plate armour {rF+}
rPois    +         Reflect  +   Q - +2 hat {Will+}
rElec    .         Harm     .   R - scarf {rC+ rF+}
rCorr    .         Rampage  .   I - +0 pair of gloves
Will     +++..                  y - +3 barding
Stlth    ..........             N - amulet of reflection
HPRegen  0.33/turn              o - ring of poison resistance
MPRegen  0.13/turn              j - ring of willpower

@: about to teleport, heavenly storm, glowing, lightly drained, curled up
A: large, rugged brown scales 3, see invisible, deformed body, low mp 1, roll 1,
armoured tail, reflexive curl
a: Rolling Charge, Renounce Religion, Wall Jump, Serpent's Lash, Heavenly Storm


You were on level 2 of the Elven Halls.
You worshipped Wu Jian.
Wu Jian was extremely pleased with you.
You visited 5 branches of the dungeon, and saw 22 of its levels.
You also visited: Sewer, Ossuary, Gauntlet and Volcano.

You collected 2546 gold pieces.
You spent 1063 gold pieces at shops.

Inventory:

Hand Weapons
 V - a +9 scimitar of flaming (weapon)
   (You took it off Erica on level 2 of the Lair of Beasts)
Missiles
 M - 6 throwing nets
Armour
 y - a +3 barding (worn)
   (You found it on level 6 of the Dungeon)
 D - a +2 cloak
   (You found it on level 4 of the Dungeon)
 I - a +0 pair of gloves (worn)
   (You found it on level 11 of the Dungeon)
 Q - a +2 hat of willpower (worn)
   (You bought it in a shop on level 10 of the Dungeon)
 R - a scarf of resistance (worn)
   (You found it on level 10 of the Dungeon)
 W - a +0 tower shield (worn)
   (You found it on level 5 of the Lair of Beasts)
 Y - a +1 plate armour of fire resistance (worn)
   (You found it on level 6 of the Lair of Beasts)
Jewellery
 c - an uncursed ring of protection from cold
   (You found it on level 7 of the Dungeon)
 j - a ring of willpower (right hand)
   (You bought it in a shop on level 2 of the Orcish Mines)
 m - an uncursed amulet of the acrobat
   (You found it on level 1 of the Dungeon)
 o - a ring of poison resistance (left hand)
   (You found it on level 7 of the Dungeon)
 B - an uncursed amulet of guardian spirit
   (You found it in an ossuary)
 K - an uncursed ring of positive energy
   (You found it on level 8 of the Dungeon)
 N - an amulet of reflection (around neck)
   (You found it on level 10 of the Dungeon)
Wands
 s - a wand of disintegration (38)
   (You found it on level 5 of the Dungeon)
 v - a wand of digging (5)
   (You found it on level 10 of the Dungeon)
 E - a wand of iceblast (8)
   (You found it in a Gauntlet)
 P - a wand of flame (36)
   (You found it on level 9 of the Dungeon)
 S - a wand of acid (20)
   (You found it on level 10 of the Dungeon)
 U - a wand of paralysis (16)
   (You found it on level 1 of the Lair of Beasts)
 X - a wand of polymorph (11)
   (You found it on level 5 of the Lair of Beasts)
Scrolls
 b - 2 scrolls of noise
 f - a scroll of silence
 i - 2 scrolls of immolation
 l - 3 scrolls of fear
 p - 8 scrolls of fog
 t - 18 scrolls of teleportation
 x - 11 scrolls of remove curse
 z - a scroll of blinking
 A - 2 scrolls of enchant weapon
 G - a scroll of torment
 J - a scroll of brand weapon
 L - 2 scrolls of magic mapping
Potions
 a - a potion of ambrosia
 d - 5 potions of might
 e - 4 potions of lignification
 g - 2 potions of invisibility
 h - 5 potions of haste
 k - 2 potions of magic
 n - a potion of resistance
 q - 13 potions of curing
 u - 10 potions of attraction
 w - 7 potions of heal wounds
 C - 4 potions of brilliance
 F - a potion of cancellation
 H - 8 potions of flight
 T - 3 potions of mutation {unknown}
Miscellaneous
 Z - a tin of tremorstones (1/2)
   (You found it in a Gauntlet)


   Skills:
 + Level 12.2 Fighting
 - Level 14.0 Long Blades
 + Level 10.5 Armour
 + Level 7.4 Dodging
 + Level 10.1 Shields
 + Level 10.3 Evocations


You had 14 spell levels left.
You didn't know any spells.
Your spell library contained the following spells:

 Spells                   Type           Power        Failure   Level
 Animate Skeleton         Necr           0%           100%        1
 Apportation              Tloc           0%           100%        1
 Corona                   Hex            0%           100%        1
 Shock                    Conj/Air       0%           100%        1
 Summon Small Mammal      Summ           0%           100%        1
 Call Imp                 Summ           0%           100%        2
 Swiftness                Air            0%           100%        2
 Call Canine Familiar     Summ           0%           100%        3
 Confusing Touch          Hex            0%           100%        3
 Gell's Gravitas          Tloc           0%           100%        3
 Lesser Beckoning         Tloc           0%           100%        3
 Static Discharge         Conj/Air       0%           100%        3
 Summon Guardian Golem    Hex/Summ       0%           100%        3
 Tukima's Dance           Hex            0%           100%        3
 Airstrike                Air            0%           100%        4
 Petrify                  Tmut/Erth      0%           100%        4
 Summon Ice Beast         Ice/Summ       0%           100%        4
 Summon Lightning Spire   Summ/Air       0%           100%        4
 Alistair's Intoxication  Tmut/Pois      0%           100%        5
 Lightning Bolt           Conj/Air       0%           100%        5
 Metabolic Englaciation   Hex/Ice        0%           100%        5
 Yara's Violent Unravell  Hex/Tmut       0%           100%        5
 Invisibility             Hex            0%           100%        6


Dungeon Overview and Level Annotations

Branches:
Dungeon (11/15)            Temple (1/1) D:4            Lair (6/6) D:9
  Swamp (0/4) Lair:3       Spider (0/4) Lair:4        Slime (0/5) Lair:6
    Orc (2/2) D:11            Elf (1/3) Orc:2         Sewer (visited)
Ossuary (visited)         Volcano (visited)         Gauntlet (visited)

Altars:
Ashenzari
Cheibriados
Dithmenos
Elyvilon
Fedhas
Gozag
Hepliaklqana
Kikubaaqudgha
Makhleb
Nemelex Xobeh
Okawaru
Qazlal
Ru
Sif Muna
Trog
Uskayaw
Vehumet
Wu Jian
Xom
Yredelemnul
Zin
The Shining One
Beogh
Jiyva

Shops:
D:8 ?   D:10 [   Orc:2 =[!*

Annotations:
D:3 2 transporters, qborf's ghost, amateur KoEn
D:8 exclusion: door
D:10 1 transporter, Marmelada19's ghost, journeyman NaIE
Lair:3 1 runed translucent door, arkorax's ghost, journeyman DsWr
Lair:6 1 runed translucent door


Innate Abilities, Weirdness & Mutations

You are completely covered in rugged brown scales. (AC +3, +7% HP)
You have supernaturally acute eyesight. (SInv)
Armour fits poorly on your strangely shaped body.
You can roll at nearby foes to attack.
You have a long armoured tail.
You curl defensively after being hit.
Your magical capacity is low. (-10% MP)


Message History

The +1 scimitar of freezing is heavily damaged.
You slash the +1 scimitar of freezing!
Your tail-slap misses the +1 scimitar of freezing.
The +1 scimitar of freezing is almost destroyed.
The +1 scimitar of freezing hits you but does no damage.
A +3 mace of protection comes into view.
The +1 vorpal flail hits you but does no damage.
The +1 scimitar of freezing hits you.
* * * LOW HITPOINT WARNING * * *
You block the +4 scimitar of venom's attack.
Unknown command.
Unknown command.
Unknown command.
Unknown command.
You spin and attack the +1 vorpal flail.
You slash the +1 vorpal flail!
The +1 vorpal flail is almost destroyed.
You block the +1 vorpal flail's attack.
The +3 bardiche of electrocution hits you from afar!
You die...

## ### ##### . ##.#
##.####☼☼§###
..##...##...##(§@§§.#
............§☼(((§§.#
#...........§§§#(§☼..#
#........^.§☼## ....#
##........)☼## ..##
#...........# (.#
#.............# ..#
..............# .##
...............#


You could see 5 dancing weapons.

Vanquished Creatures
  Kirke (Lair:4)
  A stone giant (Orc:2)
  A minotaur (Gauntlet)
  A yaktaur captain (D:11)
  Harold (D:8)
  2 boulder beetles
  Fannar (Lair:1)
  A death knight (D:10)
  6 hydras
  Erica (Lair:2)
  3 two-headed ogres
  A centaur warrior (D:11)
  3 dancing weapons
  Urug (D:11)
  4 death yaks (Lair:3)
  4 orc high priests (Orc:2)
  A deep elf knight (Elf:2)
  Nergalle (D:10)
  2 unseen horrors (D:11)
  2 skeletal warriors (Volcano)
  2 orc knights (Orc:1)
  An anaconda skeleton (Volcano)
  A lindwurm (Lair:5)
  An orb spider (Lair:4)
  4 orc sorcerers
  An ugly thing (D:11)
  A wolf spider (Lair:6)
  7 deep elf magi (Elf:1)
  A cyclops (D:8)
  A manticore (D:9)
  12 elephants
  20 cane toads
  8 black mambas
  4 gargoyles (Volcano)
  A guardian serpent (Lair:6)
  3 torpor snails (Lair:5)
  Maggie (Lair:2)
  2 kobold demonologists (D:11)
  13 komodo dragons
  5 rime drakes
  6 trolls
  4 polar bears
  2 tyrant leeches (Lair:3)
  2 harpy skeletons (Volcano)
  5 hornets
  A raiju (Gauntlet)
  13 blink frogs
  5 dream sheep (Lair:6)
  4 shadows (Gauntlet)
  7 flying skulls
  5 redbacks
  An air elemental (Elf:1)
  An alligator skeleton (Volcano)
  15 wyverns
  3 wraiths
  A fire elemental (Elf:1)
  56 yaks
  3 hogs (Lair:4)
  5 basilisks
  2 acid dragons (D:11)
  2 wargs
  2 soldier ants (D:11)
  A swamp worm (Lair:3)
  29 water moccasins
  A hornet zombie (D:8)
  28 orc warriors
  4 ice beasts
  4 phantoms
  3 black bears
  2 necrophages
  5 sky beasts
  13 ogres
  20 wolves
  8 centaurs
  4 big kobolds
  21 bullfrogs
  A gnoll sergeant (D:11)
  14 scorpions
  3 killer bees
  A troll skeleton (Volcano)
  16 wights
  5 spriggan skeletons (Volcano)
  3 howler monkeys
  2 bullfrog zombies
  3 human zombies (Ossuary)
  3 centaur zombies
  29 orc priests
  9 hounds
  6 jellies
  29 orc wizards
  A bullfrog skeleton (D:7)
  2 centaur skeletons
  Natasha (thrice) (D:4)
  4 iguanas
  A lightning spire (Gauntlet)
  12 worker ants
  6 hell rats (Lair:5)
  2 killer bee zombies
  A big kobold zombie (Ossuary)
  A naga skeleton (Volcano)
  3 hound zombies
  3 mummies (Ossuary)
  A worker ant zombie (D:6)
  14 gnolls
  A scorpion zombie (Ossuary)
  6 adders
  4 shadow imps
  2 white imps
  5 ufetubi
  2 oozes
  3 worms
  2 dart slugs
  9 leopard geckos
  89 orcs
  9 bats
  4 giant cockroaches
  13 goblins
  16 hobgoblins
  14 jackals
  4 quokkas
  4 ball pythons (Sewer)
  6 frilled lizards
  A gnoll zombie (Ossuary)
  7 goblin zombies
  3 hobgoblin zombies (Ossuary)
  A jackal skeleton (D:5)
  A jackal zombie (D:7)
  31 kobolds
  3 kobold zombies (Ossuary)
  An orc zombie (Ossuary)
  2 quokka skeletons (D:7)
  2 quokka zombies
  6 rats
844 creatures vanquished.

Vanquished Creatures (others)
  2 deep elf magi (Elf:1)
  A kobold zombie (Ossuary)
  A bush (Lair:6)
  58 fungi
  111 plants
  14 withered plants (Gauntlet)
187 creatures vanquished.

Grand Total: 1031 creatures vanquished

Notes
Turn   | Place    | Note
-------+----------+-------------------------------------------
     0 | D:1      | emiel the Palentonga Fighter began the quest for the Orb.
     0 | D:1      | Reached XP level 1. HP: 20/20 MP: 1/1
   592 | D:1      | Reached XP level 2. HP: 19/27 MP: 2/2
  1240 | D:1      | Reached XP level 3. HP: 32/33 MP: 3/3
  2233 | D:2      | Reached skill level 3 in Long Blades
  2781 | D:3      | Found a transporter.
  2781 | D:3      | Found a transporter.
  2801 | D:3      | Noticed qborf's ghost (amateur KoEn)
  2813 | D:3      | Reached XP level 4. HP: 40/40 MP: 4/4
  2827 | D:3      | Found a glowing drain.
  2850 | Sewer    | Entered a sewer
  4159 | D:3      | Reached XP level 5. HP: 49/49 MP: 5/5
  4547 | D:3      | Reached skill level 4 in Long Blades
  4583 | D:3      | Reached XP level 6. HP: 19/55 MP: 6/6
  6112 | D:4      | Found a staircase to the Ecumenical Temple.
  6142 | D:4      | Noticed Natasha
  6153 | D:4      | Killed Natasha
  6154 | D:4      | Reached skill level 5 in Long Blades
  6312 | D:5      | Entered Level 5 of the Dungeon
  6345 | D:5      | Gained mutation: You curl defensively after being hit.
                  | [Palentonga growth]
  6345 | D:5      | Reached XP level 7. HP: 32/64 MP: 7/7
  6393 | D:4      | Noticed Natasha
  6400 | D:4      | Killed Natasha
  6458 | D:4      | Noticed Natasha
  6463 | D:4      | Killed Natasha
  7023 | D:5      | Reached skill level 5 in Fighting
  7023 | D:5      | Reached skill level 6 in Long Blades
  7257 | D:5      | Reached XP level 8. HP: 64/72 MP: 8/8
  7930 | D:6      | Reached skill level 1 in Evocations
  8452 | D:6      | Reached skill level 7 in Long Blades
  9299 | D:7      | Found a sand-covered staircase.
  9307 | Ossuary  | Entered an ossuary
  9368 | Ossuary  | Reached XP level 9. HP: 80/80 MP: 9/9
  9505 | Ossuary  | Reached skill level 5 in Armour
  9505 | Ossuary  | Reached skill level 5 in Shields
  9762 | Ossuary  | Reached skill level 8 in Long Blades
 10059 | D:7      | Found an iron altar of Okawaru.
 11066 | D:8      | Reached skill level 9 in Long Blades
 11438 | D:8      | Reached XP level 10. HP: 89/89 MP: 10/10
 11512 | D:8      | Found a runed translucent door.
 11579 | D:8      | Noticed a cyclops
 11661 | D:8      | Killed a cyclops
 12129 | D:8      | Found Juynol's Magic Scroll Emporium.
 12135 | D:8      | Bought a scroll of blinking for 82 gold pieces
 12135 | D:8      | Bought a scroll of teleportation for 33 gold pieces
 12135 | D:8      | Bought a scroll of teleportation for 33 gold pieces
 12135 | D:8      | Bought a scroll of teleportation for 33 gold pieces
 12135 | D:8      | Bought a scroll of enchant armour for 82 gold pieces
 12135 | D:8      | Bought a scroll of enchant armour for 82 gold pieces
 12135 | D:8      | Bought 2 scrolls of identify for 44 gold pieces
 12187 | D:8      | Noticed Harold
 12231 | D:8      | Killed Harold
 12737 | D:9      | Reached skill level 10 in Long Blades
 13258 | Temple   | Entered the Ecumenical Temple
 13460 | Temple   | Became a worshipper of the Wu Jian Council
 13652 | D:9      | Noticed a two-headed ogre
 13652 | D:9      | Noticed a manticore
 13666 | D:8      | Killed a two-headed ogre
 13667 | D:8      | Reached skill level 5 in Evocations
 13667 | D:8      | Reached XP level 11. HP: 43/100 MP: 6/11
 14067 | D:9      | Found a staircase to the Lair.
 14081 | D:9      | Identified the cursed +1 chain mail of Enips {SInv}
 14427 | D:10     | Entered Level 10 of the Dungeon
 15383 | D:10     | Reached * piety under Wu Jian
 15719 | D:10     | Reached skill level 11 in Long Blades
 15975 | D:10     | Noticed Nergalle
 15990 | D:10     | Killed Nergalle
 16061 | D:10     | Found Detuamej's Armour Boutique.
 16061 | D:10     | Noticed Marmelada19's ghost (journeyman NaIE)
 16067 | D:10     | Bought a +0 hat of willpower for 154 gold pieces
 16091 | D:10     | Found a transporter.
 16113 | D:10     | Found a transporter.
 16698 | D:11     | Noticed an unseen horror
 16711 | D:11     | Killed an unseen horror
 16731 | D:11     | Noticed a yaktaur captain
 16745 | D:11     | Killed a yaktaur captain
 17000 | D:11     | Noticed a death knight
 17006 | D:11     | Noticed a two-headed ogre
 17009 | D:11     | Noticed a two-headed ogre
 17037 | D:10     | Killed a two-headed ogre
 17225 | D:10     | Killed a two-headed ogre
 17345 | D:10     | Killed a death knight
 17346 | D:10     | Reached XP level 12. HP: 64/110 MP: 12/12
 17692 | D:11     | Noticed a centaur warrior
 17706 | D:11     | Killed a centaur warrior
 17711 | D:11     | Reached skill level 12 in Long Blades
 17715 | D:11     | Reached skill level 1 in Dodging
 17794 | D:11     | Found a staircase to the Orcish Mines.
 18385 | D:11     | Reached ** piety under Wu Jian
 18555 | D:11     | Noticed a five-headed hydra
 19237 | D:11     | Noticed a boulder beetle
 19246 | D:11     | Killed a boulder beetle
 19262 | Orc:1    | Entered Level 1 of the Orcish Mines
 19266 | Orc:1    | Noticed Urug
 19377 | Lair:1   | Entered Level 1 of the Lair of Beasts
 19458 | Lair:1   | Reached *** piety under Wu Jian
 19471 | Lair:1   | Noticed Fannar
 19486 | Lair:1   | Killed Fannar
 19531 | Lair:1   | Found a dark tunnel.
 19536 | Volcano  | Entered a volcano
 20333 | Volcano  | Reached XP level 13. HP: 111/119 MP: 13/13
 20866 | Lair:1   | Reached skill level 13 in Long Blades
 21843 | Lair:2   | Noticed Erica
 21856 | Lair:2   | Killed Erica
 21931 | Lair:2   | Reached skill level 10 in Fighting
 21948 | Lair:2   | Reached **** piety under Wu Jian
 22256 | Lair:2   | Noticed Maggie
 22278 | Lair:2   | Killed Maggie
 22867 | Lair:3   | Found an ancient bone altar of Kikubaaqudgha.
 23026 | Lair:3   | Found a runed translucent door.
 23027 | Lair:3   | Noticed arkorax's ghost (journeyman DsWr)
 23249 | Lair:3   | Found a staircase to the Swamp.
 23505 | Lair:3   | Reached ***** piety under Wu Jian
 24013 | Lair:4   | Found a hole to the Spider Nest.
 24069 | Lair:4   | Reached XP level 14. HP: 123/130 MP: 14/14
 24251 | Lair:4   | Reached skill level 14 in Long Blades
 24394 | Lair:4   | Noticed Kirke
 24395 | Lair:4   | Noticed a sphinx
 24414 | Lair:4   | Killed Kirke
 24415 | Lair:4   | Reached skill level 5 in Dodging
 24436 | Lair:4   | You fall into a shaft and drop 1 floor!
 24990 | Lair:5   | Found a snail-covered altar of Cheibriados.
 25390 | Lair:6   | Entered Level 6 of the Lair of Beasts
 25545 | Lair:6   | Reached ****** piety under Wu Jian
 26671 | Lair:6   | Reached XP level 15. HP: 135/139 MP: 15/15
 26696 | Lair:6   | Found a runed translucent door.
 26701 | Lair:6   | Found a viscous altar of Jiyva.
 26702 | Lair:6   | Noticed an azure jelly
 26703 | Lair:6   | Noticed an azure jelly
 26738 | Lair:6   | Found a staircase to the Slime Pits.
 26846 | Lair:6   | Reached skill level 10 in Armour
 27479 | D:11     | Killed Urug
 27684 | Orc:1    | Found a roughly hewn altar of Beogh.
 27728 | Orc:1    | Paralysed by an orc sorcerer for 5 turns
 28143 | Orc:2    | Entered Level 2 of the Orcish Mines
 28182 | Orc:2    | Found a gate leading to a gauntlet.
 28184 | Orc:2    | Found a roughly hewn altar of Beogh.
 28187 | Gauntlet | Entered a Gauntlet
 28187 | Gauntlet | Found a transporter.
 28187 | Gauntlet | Found a transporter.
 28191 | Gauntlet | Found a transporter.
 28191 | Gauntlet | Found a transporter.
 28200 | Gauntlet | Found a transporter.
 28224 | Gauntlet | Found a transporter.
 28229 | Gauntlet | Found a transporter.
 28229 | Gauntlet | Found a transporter.
 28253 | Gauntlet | Found a transporter.
 28260 | Gauntlet | Found a transporter.
 28272 | Gauntlet | Found a transporter.
 28290 | Gauntlet | Found a transporter.
 28336 | Gauntlet | Found a transporter.
 28354 | Gauntlet | Found a transporter.
 28453 | Gauntlet | Found a transporter.
 28469 | Gauntlet | Found a transporter.
 28602 | Gauntlet | Got a crude marble ring
 28956 | Gauntlet | Got a pair of faintly humming gloves
 28999 | Gauntlet | Identified the cursed -2 pair of gloves of Coxaifoa
                  | {*Contam Str+5} (You found it in a Gauntlet)
 29006 | Gauntlet | Gained mutation: Your magical capacity is low. (-10% MP)
                  | [mutagenic glow]
 29098 | Orc:2    | Reached skill level 10 in Evocations
 30448 | Orc:2    | Reached skill level 10 in Shields
 30636 | Orc:2    | Found Zailulorgh's General Store.
 30636 | Orc:2    | Found Tychud Boa's Armour Shop.
 30639 | Orc:2    | Found Feis's Jewellery Shop.
 30642 | Orc:2    | Found Paneqin's Distillery.
 30644 | Orc:2    | Bought a potion of heal wounds for 55 gold pieces
 30644 | Orc:2    | Bought a potion of heal wounds for 55 gold pieces
 30644 | Orc:2    | Bought a potion of heal wounds for 55 gold pieces
 30644 | Orc:2    | Bought a potion of heal wounds for 55 gold pieces
 30645 | Orc:2    | Bought an uncursed ring of willpower for 300 gold pieces
 30699 | Orc:2    | Found a staircase to the Elven Halls.
 30948 | Elf:1    | Entered Level 1 of the Elven Halls
 31107 | Elf:1    | Identified the cursed ring "Xoloegon" {*Slow EV-4 Str+8
                  | Slay+5} (You found it in a Gauntlet)
 31259 | Elf:1    | You fall into a shaft and drop 1 floor!
 31282 | Elf:2    | HP: 6/141 [+1 scimitar of freezing (13)]
 31288 | Elf:2    | Slain by a +3 bardiche of electrocution

Illustrated notes

Levels and vault maps discovered:
D:1:      onia_arrival_mini_spirals, layout_basic, nrook_mini_backslash,
          minmay_pentomino_w4
D:2:      layout_basic
D:3:      layout_rooms, portal_sewer_entry_f, serial_corexii_hall,
          chequers_hall_statues_wall_a, corexii_hall_statues_deadend,
          gammafunk_ghost_gnarly_gnolls
D:4:      corexii_shack_village, layout_rooms, temple_hall, uniq_natasha
D:5:      layout_loops_ring
D:6:      layout_rooms
D:7:      layout_rooms, okawaru_metal_pillars_1_2, enter_ossuary_4,
          hangedman_abyss_or_decor_stagger, minmay_misc_feat_roman
D:8:      gammafunk_indiana_jones, layout_gridville, kennysheep_small_square,
          uniq_harold
D:9:      layout_long_grid, dpeg_oklobed_lair
D:10:     layout_basic, gammafunk_ghost_berserking_beasts, serial_shops,
          kennysheep_mini, minmay_starry_boxes, uniq_nergalle
D:11:     minmay_the_grid_square_5x5_4x4
          [minmay_the_grid_square_5x5_checkered_sparse,
          minmay_the_grid_square_5x5_v, minmay_the_grid_square_5x5_six,
          minmay_the_grid_square_5x5_corner, minmay_the_grid_square_5x5_plus,
          minmay_the_grid_square_5x5_prize_waves,
          minmay_the_grid_square_5x5_prize_monsterx,
          minmay_the_grid_square_5x5_inverted_slash,
          minmay_the_grid_square_5x5_two_walls_a,
          minmay_the_grid_square_5x5_prize_open,
          minmay_the_grid_square_5x5_prize_itemx,
          minmay_the_grid_square_5x5_lines,
          minmay_the_grid_square_5x5_tetrominoes,
          minmay_the_grid_square_5x5_slash, minmay_the_grid_square_5x5_seven,
          minmay_the_grid_square_5x5_doubleslash], layout_grid_maze,
          orc_0_dummy, chequers_serial_rivers_small_b
Temple:   kilobyte_greek_temple
Lair:1:   cheibrodos_lair_river_kwai, layout_small_grid,
          nicolae_volcano_entry_s_turn, chequers_serial_rivers_micro_e,
          grunt_megastairs_3, uniq_fannar
Lair:2:   layout_regular_city, minmay_holes, cheibrodos_lair_caveside_slide,
          grunt_megastairs_1, uniq_maggie, uniq_erica
Lair:3:   nzn_winding_woodlands_small [nzn_winding_woodlands_5x15_pool,
          nzn_winding_woodlands_center_pierced_h,
          nzn_winding_woodlands_5x15_parted], layout_long_grid,
          minmay_swamp_entry_worms, ebering_ghost_inner_flame, basic_altar,
          grunt_forest_small_clearings
Lair:4:   layout_roguey, nicolae_spider_entry_orb_guardian, uniq_kirke
Lair:5:   layout_gridlike, kennysheep_snail_temple
Lair:6:   hangedman_lair_tendril_chambers, layout_regular_city, slime_altar_2
Orc:1:    layout_caves, nicolae_orc_lost_temple, uniq_urug
Orc:2:    st_orc_mages, layout_caves, basic_altar, gauntlet_entry_generic
Elf:1:    eino_elf_arrival_shootout, layout_loops_cross,
          hangedman_elven_crosses_minicolossus, lemuel_flamethrower_2
Elf:2:    layout_gridlike, dk_noncrumbling_2, drop_trap, minivault_23,
          grunt_ministairs_15, lemuel_elevator

Skill      XL: |  1  2  3  4  5  6  7  8  9 10 11 12 13 14 15 |
---------------+----------------------------------------------+-----
Long Blades    | 3 4 5 6 7 9 10 11 12 13 14 | 14.0
Armour         | 3 4 5 6 7 8 9 10 | 10.5
Shields        | 3 4 5 6 7 8 9 10 | 10.1
Fighting       | 4 5 6 7 8 9 10 11 12 | 12.2
Evocations     | 2 3 5 6 7 8 9 10 | 10.3
Dodging        | 3 4 6 7 |  7.4

Action                   |  1- 3 |  4- 6 |  7- 9 | 10-12 | 13-15 || total
-------------------------+-------+-------+-------+-------+-------++-------
Melee: Long sword        |   144 |   302 |   553 |       |       ||   999
       Tailslap          |    13 |    36 |   114 |   173 |   230 ||   566
       Scimitar          |       |       |   114 |  1014 |  1356 ||  2484
       Spear             |       |       |       |       |    10 ||    10
Invok: Whirlwind         |       |       |       |    21 |    98 ||   119
       Lunge             |       |       |       |    18 |    51 ||    69
       Heavenly Storm    |       |       |       |       |     2 ||     2
       Serpent's Lash    |       |       |       |       |     1 ||     1
 Abil: Rolling Charge    |       |       |       |       |     1 ||     1
Evoke: Wand              |       |       |     3 |    30 |     5 ||    38
       Tin of tremorston |       |       |       |       |     1 ||     1
  Use: Scroll            |       |     3 |     7 |    13 |    22 ||    45
       Potion            |       |     1 |       |     1 |     1 ||     3
Armor: Scale mail        |    50 |   121 |    84 |       |       ||   255
       Plate armour      |       |       |   273 |   448 |   504 ||  1225
Dodge: Dodged            |    45 |    95 |    64 |    58 |   101 ||   363
Block: Kite shield       |    69 |   133 |   294 |   661 |   414 ||  1571
       Reflection        |       |       |       |    27 |    31 ||    58
       Tower shield      |       |       |       |       |   618 ||   618
       Rpst.: Long sword |    15 |    23 |    16 |       |       ||    54
       Scimitar          |       |       |     2 |    24 |    24 ||    50

Table legend: (Time is in decaauts)
 A = Elapsed time spent in this place.
 B = Non-inter-level travel time spent in this place.
 C = Inter-level travel time spent in this place.
 D = Time resting spent in this place.
 E = Time spent auto-exploring this place.
 F = Levels seen in this place.
 G = Mean time per level.
                   A        B        C        D        E       F      G
               +--------+--------+--------+--------+--------+-----+--------+
         Total |  31284 |  29882 |   1402 |  12288 |  11291 |  26 | 1203.2 |
       Dungeon |  17906 |  16893 |   1013 |   7744 |   5710 |  11 | 1627.8 |
        Temple |    238 |    203 |     35 |    100 |     93 |   1 |  238.0 |
          Lair |   6602 |   6302 |    300 |   1351 |   3572 |   6 | 1100.3 |
  Orcish Mines |   2521 |   2470 |     51 |   1450 |    682 |   2 | 1260.5 |
   Elven Halls |    324 |    324 |      0 |    118 |    114 |   2 |  162.0 |
         Sewer |   1032 |   1032 |      0 |    191 |    600 |   1 | 1032.0 |
       Ossuary |    692 |    692 |      0 |    268 |     94 |   1 |  692.0 |
       Volcano |   1083 |   1083 |      0 |    733 |     47 |   1 | 1083.0 |
      Gauntlet |    883 |    883 |      0 |    333 |    378 |   1 |  883.0 |
               +--------+--------+--------+--------+--------+-----+--------+

Top non-repeatable levels by time:
    D:10: 3371 daAuts
     D:5: 2132 daAuts
     D:8: 1993 daAuts
   Orc:1: 1991 daAuts
  Lair:6: 1789 daAuts
     D:1: 1624 daAuts
     D:2: 1589 daAuts
    D:11: 1500 daAuts
     D:3: 1395 daAuts
     D:4: 1277 daAuts
  Lair:1: 1166 daAuts
     D:7: 1154 daAuts
  Lair:3: 1153 daAuts
     D:9: 1151 daAuts
 Volcano: 1083 daAuts
